 Dungeon Crawl Stone Soup version 0.18-a0-5-gf1fb587 (webtiles) character file.

296 radek the Conjurer (level 6, -1/32 HPs)
             Began as a Deep Elf Conjurer on Oct 31, 2015.
             Slain by an orc
             ... wielding a +0 club
              (6 damage)
             ... on level 2 of the Dungeon.
             The game lasted 00:12:57 (2945 turns).

radek the Conjurer (Deep Elf Conjurer)              Turns: 2945, Time: 00:12:57

Health: -1/32      AC:  3    Str:  6    XL:     6   Next: 12%
Magic:  5/12       EV: 13    Int: 21    God:
Gold:   210        SH:  0    Dex: 15    Spells: 2 memorised, 5 levels left

rFire  . . .     SeeInvis .     s - +0 mace (holy)
rCold  . . .     Clarity  .     a - +0 robe
rNeg   . . .     SustAt   .     (no shield)
rPois  .         Gourm    .     k - +0 helmet
rElec  .         Spirit   .     (no cloak)
rCorr  .         Warding  .     (no gloves)
rMut   .         Stasis   .     (no boots)
MR     .....                    (no amulet)
Stlth  ++........               (no ring)
                                (no ring)

@: not resistant to hostile enchantments, unstealthy
A: no striking features
a: no special abilities


You were on level 2 of the Dungeon.
You were not hungry.

You visited 1 branch of the dungeon, and saw 3 of its levels.

You collected 210 gold pieces.

Inventory:

Hand Weapons
 h - a +0 dagger
 l - a +0 short sword
 s - a +0 mace of holy wrath (weapon)
Armour
 a - a +0 robe (worn)
 k - a +0 helmet (worn)
Wands
 p - a wand of slowing (13)
Scrolls
 e - 2 scrolls of remove curse {unknown}
 i - 4 scrolls of identify {unknown}
 j - a scroll of recharging {unknown}
 r - a scroll of magic mapping {unknown}
Potions
 d - a potion of curing {unknown}
 g - a potion of heal wounds {unknown}
 m - a potion of magic {unknown}
 n - a potion of lignification {unknown}
 q - 2 potions of brilliance {unknown}
 t - a potion of flight {unknown}
Books
 b - a book of Conjurations

   Spells                             Type                      Level
   a - Magic Dart                     Conjuration                  1
   b - Searing Ray                    Conjuration                  2
   c - Dazzling Spray                 Conjuration/Hexes            3
   d - Fulminant Prism                Conjuration/Hexes            4
   e - Iskenderun's Mystic Blast      Conjuration                  4
   f - Iskenderun's Battlesphere      Conjuration/Charms           5
Comestibles
 c - 2 bread rations
 f - 2 chunks of flesh
 o - 2 fruits


   Skills:
 - Level 2.4 Dodging
 - Level 2.4 Stealth
 - Level 3.0 Spellcasting
 - Level 7.3 Conjurations
 + Level 4.2 Charms


You had 5 spell levels left.
You knew the following spells:

 Your Spells              Type           Power        Failure   Level  Hunger
a - Magic Dart            Conj           ####         1%          1    None
b - Iskenderun's Battles  Conj/Chrm      ####....     34%         5    ######.


Dungeon Overview and Level Annotations

Branches:
Dungeon (3/15)

Altars:
Ashenzari
Cheibriados
Okawaru


Message History

Aim: an orc, wielding a dagger (severely wounded)
The magic dart hits the orc.
You kill the orc!
The orc misses you.
You hit the orc but do no damage.
The orc is lightly wounded.
The orc hits you with a club.
* * * LOW HITPOINT WARNING * * *
Drink which item? (? for menu, Esc to quit)
Okay, then.
Casting: Magic Dart
Confirm with . or Enter, or press ? or * to list all spells.
Aiming: Magic Dart
Press: ? - help, Shift-Dir - straight line, f - orc
Aim: an orc, wielding a club and wearing a leather armour (lightly wounded)
The magic dart hits the orc.
The orc is lightly wounded.
The orc barely misses you. The orc hits you with a club.
You die...

.####..#.#.#.#### ######## .#
#......#.# #..(...# .# #.....##.#
###.####.# .## #...†.##.#
#........# ..# ##....##.#
######.#..)...## ..# #.......#
#...##.#..#..... ..# ####.####
##.#.......##..## #.# #...#
###.......#......# #.# #...#
#>@.......(####.## #.# #...#
#o#.#..##.(.....# ..#
#...####.#.##.##..########
#.######.>.##.#.#.##.#..).......#
#.#.............#.......).......#
................####.#..........#
#>#.............# ####'###.....#
#.####.#...#..### ###.....#.....#
..# #.#...#.## #.#.....#######


You could see an orc.

Vanquished Creatures
  The ghost of Conn321 the Conjurer, an amateur SpCj (D:3)
  The ghost of Nopony the Magician, a weakling DEWz (D:3)
  3 orc wizards (D:3)
  2 adders (D:3)
  A gnoll (D:2)
  An ooze (D:1)
  3 worms (D:3)
  4 giant geckos
  12 orcs
  3 giant cockroaches
  11 goblins
  5 hobgoblins
  3 quokkas (D:2)
  5 bats (D:2)
  4 giant newts
  8 kobolds
  3 rats
70 creatures vanquished.

Vanquished Creatures (others)
  An orc (D:3)
1 creature vanquished.

Grand Total: 71 creatures vanquished

Notes
Turn   | Place    | Note
--------------------------------------------------------------
     0 | D:1      | radek the Deep Elf Conjurer began the quest for the Orb.
     0 | D:1      | Reached XP level 1. HP: 10/10 MP: 6/6
   101 | D:1      | Reached XP level 2. HP: 15/15 MP: 1/8
   120 | D:1      | Reached skill level 5 in Conjurations
   920 | D:2      | Reached XP level 3. HP: 19/19 MP: 5/9
   942 | D:2      | Found a shattered altar of Ashenzari.
  1337 | D:2      | Found a snail-covered altar of Cheibriados.
  1366 | D:2      | Reached skill level 6 in Conjurations
  1756 | D:3      | Noticed Nopony's ghost (weakling DEWz)
  1792 | D:3      | Killed Nopony's ghost
  1792 | D:3      | Reached XP level 4. HP: 24/24 MP: 3/10
  1870 | D:3      | Noticed Conn321's ghost (amateur SpCj)
  1874 | D:3      | Killed Conn321's ghost
  1874 | D:3      | Reached skill level 7 in Conjurations
  1874 | D:3      | Reached XP level 5. HP: 19/28 MP: 2/11
  1979 | D:2      | Learned a level 5 spell: Iskenderun's Battlesphere
  2761 | D:3      | Found an iron altar of Okawaru.
  2799 | D:3      | Reached XP level 6. HP: 32/32 MP: 9/12
  2945 | D:2      | Slain by an orc

Vault maps used:
D:1:      nicolae_arrival_somewhat_less_tricky_arrival
D:2:      old_standard_altar, amethyst_killhole, cheibriados_altar_wand_db
D:3:      kennysheep_okawaru_gauntlet, first_bread

Action                   |  1- 3 |  4- 6 || total
-------------------------+-------+-------++-------
Melee: Short sword       |     1 |       ||     1
       Mace              |       |     1 ||     1
 Cast: Magic Dart        |    90 |    79 ||   169
  Eat: Chunk             |     2 |       ||     2
       Bread ration      |       |     1 ||     1
       Beef jerky        |       |     1 ||     1
